 Dungeon Crawl Stone Soup version 0.25-a0-426-g7d9e569eea (webtiles) character file.

Game seed: 4277682776281249066, levelgen mode: deterministic

12197 MisterFreud the Slicer (level 11, -35/89 HPs)
             Began as a Gnoll Chaos Knight on Jan 24, 2020.
             Was a Plaything of Xom.
             Annihilated by Gastronok the iron giant (39 damage)
             ... on level 1 of the Lair of Beasts.
             The game lasted 00:21:47 (9497 turns).

MisterFreud the Slicer (Gnoll Chaos Knight)         Turns: 9497, Time: 00:21:47

Health: -35/89     AC: 18    Str: 21    XL:     11   Next: 89%
Magic:  20/20      EV: 12    Int: 17    God:    Xom [*.....]
Gold:   116        SH:  6    Dex: 15    Spells: 23/23 levels left

rFire    + . .     SeeInvis .   a - +3 demon blade (elec)
rCold    . . .     Gourm    .   D - +0 buckler
rNeg     . . .     Faith    .   I - +2 chain mail {rF+}
rPois    .         Spirit   .   (no helmet)
rElec    .         Reflect  .   P - scarf {repulsion}
rCorr    .         Harm     .   m - +3 pair of gauntlets of War {Slay+5}
MR       .....                  u - +0 pair of boots
Stlth    ..........             n - amulet of regeneration
HPRegen  0.64/turn              w - +6 ring of strength
MPRegen  0.17/turn              (no ring)

@: slowed, repel missiles, very slow
A: distributed training, fangs 1, strong nose
a: Renounce Religion


You were on level 1 of the Lair of Beasts.
You worshipped Xom.
You were a special plaything of Xom.
You were not hungry.

You visited 2 branches of the dungeon, and saw 11 of its levels.

You collected 638 gold pieces.
You spent 522 gold pieces at shops.

Inventory:

Hand Weapons
 a - a +3 demon blade of electrocution (weapon)
 b - a +0 hunting sling
 g - a +1 flail of protection
Missiles
 e - 352 stones
 f - 116 sling bullets
 h - 4 javelins (quivered)
 r - 44 bolts
 v - a boomerang
 y - 17 poisoned darts
 G - 49 arrows
 H - 2 throwing nets
 K - 2 atropa-tipped darts
Armour
 m - the +3 pair of gauntlets of War (worn) {Slay+5}
   (You bought it in a shop on level 10 of the Dungeon)

   It affects your accuracy and damage with ranged weapons and melee attacks
   (+5).
 o - a +0 cloak
 u - a +0 pair of boots (worn)
 D - a +0 buckler (worn)
 I - a +2 chain mail of fire resistance (worn)
 P - a scarf of repulsion (worn)
Jewellery
 n - an amulet of regeneration (around neck)
 w - a +6 ring of strength (left hand)
 x - a +3 ring of strength
Wands
 A - a wand of iceblast (5)
 M - a wand of acid (16)
 N - a wand of polymorph (17)
 Q - a wand of disintegration (14)
Scrolls
 i - 2 scrolls of random uselessness
 l - 2 scrolls of remove curse
 p - 11 scrolls of teleportation
 q - 3 scrolls of identify
 s - a scroll of amnesia
 B - a scroll of fog
 L - a scroll of immolation
Potions
 d - 2 potions of ambrosia
 j - 7 potions of curing
 k - 4 potions of lignification
 z - a potion of degeneration
 C - 3 potions of brilliance
 E - a potion of agility
 F - 2 potions of haste
 J - 2 potions of heal wounds
Comestibles
 c - 29 rations
 t - a chunk of flesh


   Skills:
 + Level 9.4 Fighting
 + Level 9.4 Short Blades
 + Level 6.6 Long Blades
 + Level 6.6 Axes
 + Level 6.6 Maces & Flails
 + Level 6.6 Polearms
 + Level 6.6 Staves
 + Level 6.6 Slings
 + Level 6.6 Bows
 + Level 6.6 Crossbows
 + Level 6.6 Throwing
 + Level 8.1 Armour
 + Level 7.1 Dodging
 + Level 6.6 Stealth
 + Level 6.6 Shields
 + Level 6.6 Unarmed Combat
 + Level 6.6 Spellcasting
 + Level 5.4 Conjurations
 + Level 5.4 Hexes
 + Level 5.4 Charms
 + Level 5.4 Summonings
 + Level 5.4 Necromancy
 + Level 5.4 Translocations
 + Level 5.4 Transmutations
 + Level 5.4 Fire Magic
 + Level 5.4 Ice Magic
 + Level 5.4 Air Magic
 + Level 5.4 Earth Magic
 + Level 5.4 Poison Magic
 + Level 7.2 Invocations
 + Level 6.6 Evocations


You had 23 spell levels left.
You didn't know any spells.
Your spell library contained the following spells:

 Spells                   Type           Power        Failure   Level  Hunger
 Animate Skeleton         Necr           N/A          10%         1    None
 Apportation              Tloc           ###...       10%         1    None
 Corona                   Hex            ###....      10%         1    None
 Foxfire                  Conj/Fire      ###.         10%         1    None
 Magic Dart               Conj           ###.         10%         1    None
 Summon Small Mammal      Summ           ###.         10%         1    None
 Ensorcelled Hibernation  Hex/Ice        ###...       14%         2    None
 Searing Ray              Conj           ###...       14%         2    None
 Confusing Touch          Hex            ###.....     28%         3    ##.....
 Conjure Flame            Conj/Fire      ###.....     28%         3    ##.....
 Dazzling Flash           Conj/Hex       ###...       28%         3    ##.....
 Inner Flame              Hex/Fire       ###.....     28%         3    ##.....
 Tukima's Dance           Hex            ###.....     28%         3    ##.....
 Fulminant Prism          Conj/Hex       ###.......   67%         4    ####...
 Iskenderun's Mystic Bla  Conj/Tloc      ###.....     67%         4    ####...
 Sticky Flame             Conj/Fire      ###.....     67%         4    ####...
 Fireball                 Conj/Fire      ###.......   95%         5    #####..


Dungeon Overview and Level Annotations

Branches:
Dungeon (10/15)            Temple (0/1) D:7            Lair (1/6) D:10
    Orc (0/2) D:10

Altars:
Cheibriados
Elyvilon
Fedhas
Hepliaklqana
Kikubaaqudgha
Makhleb
Nemelex Xobeh
Okawaru
Sif Muna
Uskayaw
Xom
Yredelemnul
Zin
The Shining One

Shops:
D:4 %   D:10 [

Annotations:
Lair:1 Gastronok


Innate Abilities, Weirdness & Mutations

Your experience applies equally to all skills.
You have very sharp teeth.
Your uncanny sense of smell can sniff out nearby items.


Message History

Unknown command.
Unknown command.
Unknown command.
Unknown command.
Unknown command.
Unknown command.
Unknown command.
Unknown command.
Evoke which item? (* to show all) (? for menu, Esc to quit)
Aiming: Corrosive Bolt
Press: ? - help, Shift-Dir - straight line, f/p - Gastronok
Aim: Gastronok the iron giant (almost dead, covered in acid)
The bolt of acid hits Gastronok.
Gastronok is splashed with acid.
Gastronok seems to be corroded for longer.
Gastronok is almost dead.
Gastronok hits you!
* * * LOW HITPOINT WARNING * * *
Gastronok hits you!!!
You die...
Xom laughs nastily!

#.........
............
#.#.#...#.
.##.....##P#
#..##..######..#####.
###
#................. ..
#........##...##.#..
#.................
#.P#.#####........
#.###.####...._...
#.......@.........
#.#.#.###C#####...
#..[..............
.................
.................
........#####.... #
...... .... ....(w
... ....(. ..


You could see Gastronok the iron giant.

Vanquished Creatures
  Harold (D:10)
  2 hydras (Lair:1)
  4 two-headed ogres
  A manticore (D:9)
  Joseph (D:9)
  Prince Ribbit (D:7)
  4 hogs (D:7)
  A human (D:7)
  A hungry ghost (D:8)
  18 yaks
  A spatial vortex (D:3)
  A porcupine (Lair:1)
  A water moccasin (Lair:1)
  5 orc warriors
  4 sky beasts
  3 ice beasts
  A phantom (D:4)
  3 ogres
  A crocodile (D:10)
  6 bullfrogs
  2 wyvern skeletons
  A scorpion (D:8)
  3 wights (D:8)
  A howler monkey (D:4)
  4 crimson imps
  3 bullfrog zombies
  4 hounds
  2 quasits
  2 centaur skeletons
  6 orc wizards
  3 orc priests
  A worker ant (D:9)
  A hound zombie (D:10)
  10 gnolls
  15 adders
  6 worms
  4 dart slugs
  3 leopard geckos
  30 orcs
  A ball python (D:2)
  6 bats
  2 giant cockroaches
  2 goblins (D:1)
  4 hobgoblins
  12 jackals
  2 quokkas
  5 frilled lizards
  A jackal skeleton (D:4)
  2 jackal zombies
  4 kobolds
  A quokka zombie (D:7)
  5 rats
208 creatures vanquished.

Vanquished Creatures (collateral kills)
  A centaur (D:6)
  A bullfrog (D:6)
  2 orc priests (D:6)
  An iguana (D:6)
  An orc wizard (D:6)
  A worker ant zombie (D:6)
  A shadow imp (D:6)
  An orc (D:6)
  A leopard gecko skeleton (D:7)
  A quokka skeleton (D:6)
11 creatures vanquished.

Vanquished Creatures (others)
  An ooze (D:6)
1 creature vanquished.

Grand Total: 220 creatures vanquished

Notes
Turn   | Place    | Note
-------+----------+-------------------------------------------
     0 | D:1      | MisterFreud the Gnoll Chaos Knight began the quest for the
                  | Orb.
     0 | D:1      | Reached XP level 1. HP: 23/23 MP: 1/1
    97 | D:1      | XOM: silly message
   108 | D:1      | XOM: silly message
   168 | D:1      | Reached XP level 2. HP: 26/29 MP: 2/2
   787 | D:2      | Reached XP level 3. HP: 25/35 MP: 3/3
   873 | D:2      | XOM: mild Erth miscast
  1070 | D:2      | Reached skill level 1 in Invocations
  1224 | D:2      | Reached skill level 1 in Long Blades
  1224 | D:2      | Reached skill level 1 in Axes
  1224 | D:2      | Reached skill level 1 in Maces & Flails
  1224 | D:2      | Reached skill level 1 in Polearms
  1224 | D:2      | Reached skill level 1 in Staves
  1224 | D:2      | Reached skill level 1 in Slings
  1224 | D:2      | Reached skill level 1 in Bows
  1224 | D:2      | Reached skill level 1 in Crossbows
  1224 | D:2      | Reached skill level 1 in Throwing
  1224 | D:2      | Reached skill level 1 in Stealth
  1224 | D:2      | Reached skill level 1 in Shields
  1224 | D:2      | Reached skill level 1 in Unarmed Combat
  1224 | D:2      | Reached skill level 1 in Spellcasting
  1224 | D:2      | Reached skill level 1 in Evocations
  1230 | D:2      | Reached XP level 4. HP: 41/41 MP: 5/5
  1270 | D:2      | XOM is BORED!
  1412 | D:2      | XOM: mild Tloc miscast
  1413 | D:2      | Noticed a spatial vortex
  1516 | D:3      | Reached skill level 1 in Conjurations
  1516 | D:3      | Reached skill level 1 in Hexes
  1516 | D:3      | Reached skill level 1 in Charms
  1516 | D:3      | Reached skill level 1 in Summonings
  1516 | D:3      | Reached skill level 1 in Necromancy
  1516 | D:3      | Reached skill level 1 in Translocations
  1516 | D:3      | Reached skill level 1 in Transmutations
  1516 | D:3      | Reached skill level 1 in Fire Magic
  1516 | D:3      | Reached skill level 1 in Ice Magic
  1516 | D:3      | Reached skill level 1 in Air Magic
  1516 | D:3      | Reached skill level 1 in Earth Magic
  1516 | D:3      | Reached skill level 1 in Poison Magic
  1978 | D:3      | You fall into a shaft and drop 1 floor!
  2000 | D:4      | Reached XP level 5. HP: 46/47 MP: 6/6
  2538 | D:3      | XOM: summons 2 hostile demons
  2634 | D:3      | XOM: medium Summ miscast
  2635 | D:3      | Noticed a spatial vortex
  2640 | D:3      | Killed a spatial vortex
  2745 | D:3      | XOM: divination: detect creatures
  2802 | D:3      | Found a glowing silver altar of Zin.
  2825 | D:3      | XOM: 8-stop teleportation journey
  2865 | D:4      | Found a white marble altar of Elyvilon.
  2890 | D:4      | Noticed an ice beast
  2917 | D:4      | XOM: scenery: create altars
  2925 | D:4      | XOM: cast spell 'Metabolic Englaciation'
  2938 | D:4      | Killed an ice beast
  2938 | D:4      | Reached skill level 5 in Armour
  2938 | D:4      | Reached XP level 6. HP: 9/53 MP: 8/8
  3109 | D:4      | Noticed a phantom
  3113 | D:4      | XOM: summons friendly shadow imp
  3122 | D:4      | Killed a phantom
  3165 | D:4      | Found a hide-covered altar of Uskayaw.
  3175 | D:4      | Reached XP level 7. HP: 59/59 MP: 10/10
  3234 | D:4      | Found a shimmering blue altar of Sif Muna.
  3307 | D:4      | XOM: harmless Necr miscast
  3369 | D:4      | Found a burning altar of Makhleb.
  3437 | D:4      | Found Wyevip's Food Boutique.
  3748 | D:4      | XOM: god gift: inky potion {god gift}
  3945 | D:5      | Entered Level 5 of the Dungeon
  3965 | D:5      | Found an ancient bone altar of Kikubaaqudgha.
  4191 | D:5      | XOM: fog
  4286 | D:5      | Found a snail-covered altar of Cheibriados.
  4395 | D:5      | Found a glowing golden altar of the Shining One.
  4417 | D:5      | Found a basalt altar of Yredelemnul.
  4419 | D:5      | Noticed a profane servitor
  4505 | D:5      | Found a hazy altar of Hepliaklqana.
  4506 | D:5      | Found a shimmering altar of Xom.
  4507 | D:5      | Noticed a spectral ugly thing
  4686 | D:5      | Noticed an angel
  4787 | D:6      | XOM: fog
  4821 | D:6      | Reached XP level 8. HP: 49/67 MP: 12/12
  4979 | D:6      | XOM: confuse monster(s)
  5026 | D:6      | XOM: potion effect (invisibility)
  5036 | D:6      | XOM: polymorph orc warrior -> ooze
  5292 | D:6      | XOM: god gift: glowing chain mail {god gift}
  5462 | D:6      | XOM: god gift: crooked glowing staff {god gift}
  5500 | D:6      | XOM: harmless Summ miscast
  5571 | D:6      | Found a blossoming altar of Fedhas.
  5689 | D:7      | Found a staircase to the Ecumenical Temple.
  5696 | D:7      | XOM: summons friendly ufetubus
  5750 | D:7      | XOM: harmless Necr miscast
  5799 | D:7      | XOM: cast spell 'Metabolic Englaciation'
  5821 | D:7      | Reached XP level 9. HP: 65/72 MP: 14/14
  5876 | D:7      | Noticed Prince Ribbit
  5890 | D:7      | XOM: divination: magic mapping
  5891 | D:7      | Killed Prince Ribbit
  5945 | D:7      | Found an iron altar of Okawaru.
  6130 | D:7      | Found a burning altar of Makhleb.
  6552 | D:8      | Found a sparkling altar of Nemelex Xobeh.
  6577 | D:8      | Reached skill level 5 in Dodging
  6578 | D:8      | XOM: chaos upgrade
  6626 | D:8      | XOM: mild Hex miscast
  6643 | D:8      | Found the +7 mace of Variability {chain chaos}
  6643 | D:8      | You fall into a shaft and drop 2 floors!
  6643 | D:10     | Entered Level 10 of the Dungeon
  6655 | D:10     | XOM: noise
  6659 | D:10     | XOM: summons friendly white imp
  6673 | D:10     | XOM: divination: magic mapping
  6790 | D:9      | Noticed a two-headed ogre
  6802 | D:10     | Killed a two-headed ogre
  6802 | D:10     | Reached skill level 5 in Invocations
  6802 | D:10     | Reached XP level 10. HP: 16/80 MP: 15/17
  6932 | D:9      | Noticed a two-headed ogre
  6934 | D:10     | XOM: summons friendly ufetubus
  7029 | D:9      | XOM: fake destruction
  7063 | D:10     | XOM: summons friendly crimson imp
  7077 | D:10     | Reached skill level 5 in Long Blades
  7077 | D:10     | Reached skill level 5 in Axes
  7077 | D:10     | Reached skill level 5 in Maces & Flails
  7077 | D:10     | Reached skill level 5 in Polearms
  7077 | D:10     | Reached skill level 5 in Staves
  7077 | D:10     | Reached skill level 5 in Slings
  7077 | D:10     | Reached skill level 5 in Bows
  7077 | D:10     | Reached skill level 5 in Crossbows
  7077 | D:10     | Reached skill level 5 in Throwing
  7077 | D:10     | Reached skill level 5 in Stealth
  7077 | D:10     | Reached skill level 5 in Shields
  7077 | D:10     | Reached skill level 5 in Unarmed Combat
  7077 | D:10     | Reached skill level 5 in Spellcasting
  7077 | D:10     | Reached skill level 5 in Evocations
  7142 | D:9      | XOM: cast spell 'Metabolic Englaciation'
  7165 | D:9      | Killed a two-headed ogre
  7270 | D:8      | XOM: butterfly on damage
  7415 | D:8      | Noticed a manticore
  7741 | D:9      | Noticed a two-headed ogre
  7745 | D:9      | XOM: cast spell 'Metabolic Englaciation'
  7750 | D:9      | Killed a two-headed ogre
  7787 | D:9      | Noticed a manticore
  7792 | D:9      | XOM: mild Air miscast
  7796 | D:9      | Killed a manticore
  7796 | D:9      | Reached XP level 11. HP: 81/87 MP: 19/19
  7840 | D:9      | Noticed Joseph
  7853 | D:9      | Killed Joseph
  8149 | D:10     | XOM: harmless Erth miscast
  8183 | D:10     | Found Zepim's Armour Emporium.
  8183 | D:10     | Noticed a two-headed ogre
  8198 | D:10     | XOM: enchant monster (good)
  8199 | D:10     | Killed a two-headed ogre
  8238 | D:10     | Noticed Harold
  8254 | D:10     | HP: 1/89 [acid (13)]
  8263 | D:10     | Killed Harold
  8263 | D:10     | Reached skill level 5 in Conjurations
  8263 | D:10     | Reached skill level 5 in Hexes
  8263 | D:10     | Reached skill level 5 in Charms
  8263 | D:10     | Reached skill level 5 in Summonings
  8263 | D:10     | Reached skill level 5 in Necromancy
  8263 | D:10     | Reached skill level 5 in Translocations
  8263 | D:10     | Reached skill level 5 in Transmutations
  8263 | D:10     | Reached skill level 5 in Fire Magic
  8263 | D:10     | Reached skill level 5 in Ice Magic
  8263 | D:10     | Reached skill level 5 in Air Magic
  8263 | D:10     | Reached skill level 5 in Earth Magic
  8263 | D:10     | Reached skill level 5 in Poison Magic
  8334 | D:10     | XOM: cloud trail
  8427 | D:10     | Found a staircase to the Lair.
  8428 | D:10     | Found a staircase to the Orcish Mines.
  8558 | D:10     | Bought the +3 pair of gauntlets of War {Slay+5} for 522
                  | gold pieces
  8558 | D:10     | Found the +3 pair of gauntlets of War {Slay+5}
  8708 | D:10     | XOM: harmless Erth miscast
  8726 | D:10     | XOM: polymorph orc -> dart slug
  8730 | D:10     | XOM: noise
  8732 | D:10     | XOM: divine lightning
  9106 | Lair:1   | Entered Level 1 of the Lair of Beasts
  9348 | Lair:1   | XOM: god gift: wand of acid (9)
  9360 | Lair:1   | Noticed a five-headed hydra
  9378 | Lair:1   | Killed a five-headed hydra
  9392 | Lair:1   | XOM is BORED!
  9392 | Lair:1   | XOM: mild Tmut miscast
  9454 | Lair:1   | Noticed a four-headed hydra
  9468 | Lair:1   | Killed a four-headed hydra
  9470 | Lair:1   | Noticed Gastronok
  9491 | Lair:1   | XOM: scenery: create altars
  9494 | Lair:1   | Noticed Gastronok
  9494 | Lair:1   | Gastronok changed into Gastronok the iron giant
  9494 | Lair:1   | XOM: polymorph Gastronok -> Gastronok the iron giant
  9497 | Lair:1   | HP: 4/89 [Gastronok the iron giant (10)]
  9497 | Lair:1   | Annihilated by Gastronok the iron giant

Levels and vault maps discovered:
D:1:      dpeg_arrival_snail, layout_loops_ring, chequers_jeans
D:2:      layout_rooms, nrook_loot_triangle, minivault_23
D:3:      layout_basic, lemuel_coloured_pillars_altar, first_ration
D:4:      layout_basic, lemuel_crystal_altar, lemuel_round_altar,
          nicolae_overflow_hidden_temple, serial_shops, shop_fountains,
          nicolae_zen_rock_garden, bloody_makhleb
D:5:      layout_basic, grunt_temple_overflow_holy_war,
          regret_index_temple_of_mockery, kennysheep_mini_moat,
          cheibrodos_worm_habitat
D:6:      layout_basic, fedhas_altar_fruit_tree
D:7:      layout_cave_pods, kennysheep_little_box, okawaru_ov_weapons_minmay,
          minmay_temple_entry_arrows, grunt_livestock, uniq_prince_ribbit1
D:8:      layout_cave_pools, nicolae_overflow_crystal_walls, minivault_12
D:9:      layout_cross, uniq_joseph
D:10:     layout_basic, lair_entry_dummy, orc_david_3, uniq_harold
Lair:1:   layout_long_grid, uniq_gastronok

Skill      XL: |  1  2  3  4  5  6  7  8  9 10 11 |
---------------+----------------------------------+-----
Invocations    | 1 2 3 4 5 6 7 |  7.2
Long Blades    | 1 2 3 4 5 6 |  6.6
Axes           | 1 2 3 4 5 6 |  6.6
Maces & Flails | 1 2 3 4 5 6 |  6.6
Polearms       | 1 2 3 4 5 6 |  6.6
Staves         | 1 2 3 4 5 6 |  6.6
Slings         | 1 2 3 4 5 6 |  6.6
Bows           | 1 2 3 4 5 6 |  6.6
Crossbows      | 1 2 3 4 5 6 |  6.6
Throwing       | 1 2 3 4 5 6 |  6.6
Stealth        | 1 2 3 4 5 6 |  6.6
Shields        | 1 2 3 4 5 6 |  6.6
Unarmed Combat | 1 2 3 4 5 6 |  6.6
Spellcasting   | 1 2 3 4 5 6 |  6.6
Evocations     | 1 2 3 4 5 6 |  6.6
Conjurations   | 1 2 3 4 5 |  5.4
Hexes          | 1 2 3 4 5 |  5.4
Charms         | 1 2 3 4 5 |  5.4
Summonings     | 1 2 3 4 5 |  5.4
Necromancy     | 1 2 3 4 5 |  5.4
Translocations | 1 2 3 4 5 |  5.4
Transmutations | 1 2 3 4 5 |  5.4
Fire Magic     | 1 2 3 4 5 |  5.4
Ice Magic      | 1 2 3 4 5 |  5.4
Air Magic      | 1 2 3 4 5 |  5.4
Earth Magic    | 1 2 3 4 5 |  5.4
Poison Magic   | 1 2 3 4 5 |  5.4
Dodging        | 3 4 5 6 7 |  7.1
Armour         | 5 6 7 8 |  8.1
Fighting       | 7 8 9 |  9.4
Short Blades   | 7 8 9 |  9.4

Action                   |  1- 3 |  4- 6 |  7- 9 | 10-12 || total
-------------------------+-------+-------+-------+-------++-------
Melee: Short sword       |    81 |   164 |    48 |       ||   293
       Bite              |    12 |    18 |    35 |    50 ||   115
       Punch             |       |     2 |       |       ||     2
       Quarterstaff      |       |       |   212 |   126 ||   338
       Demon blade       |       |       |       |   190 ||   190
       Flail             |       |       |       |    13 ||    13
Throw: Boomerang         |       |     1 |       |    13 ||    14
       Javelin           |       |       |       |     7 ||     7
Evoke: Wand              |       |       |       |     3 ||     3
  Use: Scroll            |       |       |     8 |    14 ||    22
       Potion            |       |       |       |     4 ||     4
 Stab: Paralysed         |     1 |     3 |       |       ||     4
       Petrified         |       |       |     1 |       ||     1
       Invisible         |       |       |     1 |     3 ||     4
       Confused          |       |       |     1 |       ||     1
       Distracted        |       |       |       |     1 ||     1
  Eat: Chunk             |     1 |     6 |    12 |    10 ||    29
       Ration            |       |       |       |     1 ||     1
Armor: Leather armour    |    16 |       |       |       ||    16
       Chain mail        |     9 |    86 |   125 |   179 ||   399
Dodge: Dodged            |    38 |    84 |   129 |   181 ||   432
       Deflected         |       |       |       |     2 ||     2
Block: Buckler           |       |       |       |    60 ||    60
       Rpst.: Demon blade |       |       |       |    25 ||    25

Table legend:
 A = Non-vault XP
 B = Vault XP
 C = Vault XP percentage of total XP
 D = Non-vault monster count
 E = Vault monster count
 F = Vault count percentage of total count
                 A         B        C        D         E       F
            +---------+---------+-------+---------+---------+-------
      Total |   14462 |    2963 |  17.0 |     204 |      15 |   6.8
            +---------+---------+-------+---------+---------+-------
        D:1 |      22 |       0 |   0.0 |      11 |       0 |   0.0
        D:2 |      73 |       0 |   0.0 |      16 |       0 |   0.0
        D:3 |     161 |       0 |   0.0 |      25 |       0 |   0.0
        D:4 |     538 |       0 |   0.0 |      21 |       0 |   0.0
        D:5 |     288 |       5 |   1.7 |      14 |       1 |   6.7
        D:6 |     615 |       0 |   0.0 |      20 |       0 |   0.0
        D:7 |     376 |    1195 |  76.1 |      10 |       6 |  37.5
        D:8 |     957 |       0 |   0.0 |      16 |       0 |   0.0
        D:9 |    3260 |     439 |  11.9 |      24 |       1 |   4.0
       D:10 |    5097 |    1324 |  20.6 |      37 |       7 |  15.9
     Lair:1 |    3075 |       0 |   0.0 |      10 |       0 |   0.0
            +---------+---------+-------+---------+---------+-------
